 Dungeon Crawl Stone Soup version 0.24-a0-789-g35933f4585 (webtiles) character file.

Game seed: 12513408220770360584, levelgen mode: deterministic

1137 Kohma the Cleaver (level 8, -1/109 HPs)
             Began as a Minotaur Berserker on Oct 10, 2019.
             Was an Elder of Trog.
             Succumbed to a killer bee's poison
             ... on level 5 of the Dungeon.
             The game lasted 00:10:14 (4398 turns).

Kohma the Cleaver (Minotaur Berserker)              Turns: 4398, Time: 00:10:15

Health: -1/109     AC: 24    Str: 25    XL:     8   Next: 14%
Magic:  7/7        EV:  2    Int:  9    God:    Trog [****..]
Gold:   196        SH:  5    Dex: 14    Spells: 7/7 levels left

rFire    . . .     SeeInvis .   a - +0 hand axe
rCold    . . .     Gourm    .   v - +0 buckler
rNeg     + + +     Faith    .   (armour currently unavailable)
rPois    +         Spirit   .   (helmet currently unavailable)
rElec    .         Reflect  .   (cloak currently unavailable)
rCorr    .         Harm     .   (gloves currently unavailable)
MR       .....     NoTele   +   (boots currently unavailable)
Stlth    ++........             (no amulet)
HPRegen  0.28/turn              (no ring)
MPRegen  0.10/turn              (no ring)

@: brilliant, agile, lethally poisoned (-1 -> -18), tree-form, hasted, very
quick
A: (retaliatory headbutt)
a: Berserk, Trog's Hand, Brothers in Arms, Renounce Religion


You were on level 5 of the Dungeon.
You worshipped Trog.
Trog was greatly pleased with you.
You were not hungry.
You were a tree.
You visited 2 branches of the dungeon, and saw 6 of its levels.

You collected 196 gold pieces.

Inventory:

Hand Weapons
 a - a +0 hand axe (weapon)
Missiles
 d - 182 stones
 f - 6 datura-tipped darts
 g - 52 sling bullets
 m - 14 poisoned darts (quivered)
Armour
 l - a +0 pair of gloves (melded)
 o - a +0 chain mail (melded)
 v - a +0 buckler (worn)
 w - a +0 cloak (melded)
Wands
 x - a wand of random effects (23)
Scrolls
 e - 5 scrolls of identify {unknown}
 h - 2 scrolls of remove curse {unknown}
 j - 2 scrolls of fog {unknown}
 k - a scroll of random uselessness {unknown}
 p - a scroll of noise {unknown}
 q - 2 scrolls of blinking {unknown}
 s - a scroll of amnesia {unknown}
 t - a scroll of magic mapping {unknown}
 u - a scroll of enchant armour {unknown}
Potions
 b - a potion of haste
 z - a potion of brilliance
 A - a potion of curing {unknown}
Comestibles
 c - 5 rations


   Skills:
 + Level 7.0 Fighting
 * Level 9.3 Axes
 - Level 3.2 Armour
 - Level 2.1 Dodging
 - Level 4.1 Shields


You had 7 spell levels left.
You didn't know any spells.
Your spell library was empty.

Dungeon Overview and Level Annotations

Branches:
Dungeon (5/15)             Temple (1/1) D:4

Altars:
Ashenzari
Dithmenos
Elyvilon
Fedhas
Gozag
Kikubaaqudgha
Makhleb
Qazlal
Ru
Uskayaw
Vehumet
Xom
Yredelemnul
The Shining One


Innate Abilities, Weirdness & Mutations

((You reflexively headbutt those who attack you in melee.))
((You have a pair of horns on your head.))


Message History

Your +0 chain mail melds into your body.
Your roots penetrate the ground.
* * * LOW HITPOINT WARNING * * *
You feel sick. You block the killer bee's attack.
You miss the killer bee.
The killer bee is almost dead.
* * * LOW HITPOINT WARNING * * *
You feel sick. The killer bee barely misses you.
You slash the killer bee!
You kill the killer bee!
Trog accepts your kill.
Your Fighting skill increases to level 7!
* * * LOW HITPOINT WARNING * * *
You feel sick.
It was a potion of agility.
You feel agile all of a sudden.
* * * LOW HITPOINT WARNING * * *
You feel sick.
It was a potion of flight.
Your roots keep you in place.
You die...

.......^... ..
.y.... ..##.......
.. ..... #.#....#.#
#. .... #...#.>#.#
.#<.. #......#.#
.... ...##..#.# #..
...#...#.# #.#
##.....#)## #a#
...#......# #♣###
.##...##..#### #...#
....#.##.....# ###.#
..###...[....#####.#
##
#............#.#####
##......###........#
#......# #........#
######## #........#
##########


You could see a worker ant.

Vanquished Creatures
  Sigmund (D:3)
  2 ogres
  A scorpion (D:5)
  3 killer bees (D:5)
  A crimson imp (D:5)
  2 orc priests
  A bullfrog zombie (D:5)
  2 orc wizards
  Jessica (D:2)
  2 iguanas
  Natasha (twice) (D:2)
  5 worker ants (D:4)
  8 gnolls (D:2)
  4 adders
  An ooze (D:3)
  An adder skeleton (D:4)
  2 worms
  2 leopard geckos
  13 orcs
  A ball python (D:3)
  4 giant cockroaches
  7 hobgoblins
  3 jackals (D:2)
  13 kobolds
  2 quokkas (D:4)
  16 bats
  2 frilled lizards
  5 goblins
  6 rats
113 creatures vanquished.

Vanquished Creatures (others)
  A dart slug (D:3)
  A kobold (D:3)
2 creatures vanquished.

Grand Total: 115 creatures vanquished

Notes
Turn   | Place    | Note
-------+----------+-------------------------------------------
     0 | D:1      | Kohma the Minotaur Berserker began the quest for the Orb.
     0 | D:1      | Reached XP level 1. HP: 19/19 MP: 0/0
    59 | D:1      | Reached skill level 4 in Axes
    74 | D:1      | Reached XP level 2. HP: 26/27 MP: 1/1
   422 | D:1      | Reached ** piety under Trog
   628 | D:2      | Reached XP level 3. HP: 27/33 MP: 2/2
   722 | D:2      | Noticed Natasha
   732 | D:2      | Killed Natasha
   732 | D:2      | Reached skill level 5 in Axes
   876 | D:2      | Reached XP level 4. HP: 41/41 MP: 3/3
   899 | D:2      | Noticed Jessica
   905 | D:2      | Killed Jessica
  1159 | D:2      | Noticed Natasha
  1162 | D:2      | Killed Natasha
  1187 | D:2      | Reached XP level 5. HP: 47/47 MP: 4/4
  1193 | D:2      | Reached *** piety under Trog
  1198 | D:2      | Reached skill level 6 in Axes
  1208 | D:2      | Reached skill level 5 in Fighting
  1464 | D:2      | Found a shimmering altar of Xom.
  1902 | D:3      | Noticed Sigmund
  1914 | D:3      | Killed Sigmund
  1914 | D:3      | Reached skill level 7 in Axes
  1914 | D:3      | Reached XP level 6. HP: 34/57 MP: 5/5
  2044 | D:3      | Found a radiant altar of Vehumet.
  2182 | D:3      | Reached skill level 1 in Shields
  2418 | D:3      | Reached XP level 7. HP: 45/63 MP: 6/6
  2422 | D:3      | Received a gift from Trog
  3339 | D:4      | Reached skill level 8 in Axes
  3354 | D:4      | Found a staircase to the Ecumenical Temple.
  3363 | Temple   | Entered the Ecumenical Temple
  4005 | D:5      | Entered Level 5 of the Dungeon
  4032 | D:5      | Reached **** piety under Trog
  4375 | D:5      | Reached skill level 9 in Axes
  4375 | D:5      | Reached XP level 8. HP: 69/71 MP: 7/7
  4394 | D:5      | HP: 4/106 [poisoned by a killer bee]
  4397 | D:5      | HP: 1/109 [poisoned by a killer bee]
  4398 | D:5      | Succumbed to a killer bee's poison

Levels and vault maps discovered:
D:1:      moated_graveyard_arrival, layout_basic
D:2:      layout_rooms, tgw_xom, uniq_natasha, uniq_jessica
D:3:      layout_basic, fiery_altar_vehumet, uniq_sigmund
D:4:      layout_loops_cross, minmay_temple_entry_antechambers, first_ration
D:5:      layout_rooms
Temple:   hc_temple_tempest_star

Skill      XL: |  1  2  3  4  5  6  7  8 |
---------------+-------------------------+-----
Axes           | 4 5 7 9 |  9.3
Fighting       | 4 5 6 7 |  7.0
Armour         | 3 |  3.2
Shields        | 2 4 |  4.1
Dodging        | |  2.1

Action                   |  1- 3 |  4- 6 |  7- 9 || total
-------------------------+-------+-------+-------++-------
Melee: Hand axe          |    62 |   119 |   134 ||   315
       Headbutt          |     3 |    23 |    28 ||    54
Throw: Dart              |       |     4 |       ||     4
  Use: Potion            |       |       |     5 ||     5
  Eat: Chunk             |       |     5 |     6 ||    11
Armor: Animal skin       |     6 |       |       ||     6
       Scale mail        |    16 |    65 |     3 ||    84
       Chain mail        |       |       |    51 ||    51
Dodge: Dodged            |    41 |    78 |    47 ||   166
Block: Buckler           |       |     7 |    16 ||    23

Table legend:
 A = Non-vault XP
 B = Vault XP
 C = Vault XP percentage of total XP
 D = Non-vault monster count
 E = Vault monster count
 F = Vault count percentage of total count
                 A         B        C        D         E       F
            +---------+---------+-------+---------+---------+-------
      Total |    1263 |     362 |  22.3 |     102 |      11 |   9.7
            +---------+---------+-------+---------+---------+-------
        D:1 |      38 |       0 |   0.0 |      24 |       0 |   0.0
        D:2 |     140 |     139 |  49.8 |      25 |      10 |  28.6
        D:3 |     287 |     223 |  43.7 |      28 |       1 |   3.4
        D:4 |     307 |       0 |   0.0 |      17 |       0 |   0.0
        D:5 |     491 |       0 |   0.0 |       8 |       0 |   0.0
            +---------+---------+-------+---------+---------+-------
